AoeStats
← Cocolise

Arena

507804767Analyzed
3v3 RM · 13d ago on Sep 19, 2026· 49m 4s· 6 players
Game mode
Random Map
Map size
Normal (6 player)
Population
200
Speed
Normal
Resources
Standard
Victory
Conquest
Starting age
Dark Age
Ending age
Imperial Age
RankedLock teamsTeams togetherTeam positionsShared explorationLock speedFull tech treeHidden civsTurbo modeCheats
Victory
Defeat
🇲🇽 Burgundians · Mexico
510
+14
🇧🇷 Celts · Brazil
457
+15
🇦🇷 Persians · Argentina
398
+17
🇨🇱 Burmese · Chile
900
-129
🇨🇱 Teutons · Chile
228
-8
🇨🇱 Khmer · Chile
227
-8
Puro_Osso
15:22 Feudal Age
23:01 Wheelbarrow
24:39 Gold Mining
24:40 Stone Mining
25:28 Double-Bit Axe
32:01 Castle Age
33:45 Hand Cart
39:53 Stone Shaft Mining
39:54 Gold Shaft Mining
40:45 Horse Collar
42:07 Caravan
42:37 Coinage
43:31 Stronghold
47:47 Gold Shaft Mining
47:20 Heavy Plow
50:06 Imperial Age
48:23 Bow Saw
Daraco
0:27 Loom
12:36 Feudal Age
22:16 Castle Age
21:45 Horse Collar
21:51 Double-Bit Axe
24:01 Thumb Ring
23:50 Crossbowman
26:28 Kamandaran
30:37 Bow Saw
30:31 Heavy Plow
35:55 Imperial Age
33:33 Gold Mining
33:33 Stone Mining
34:16 Scale Barding Armor
34:12 Padded Archer Armor
34:02 Fletching
34:23 Forging
35:32 Elite War Elephant
39:41 Chemistry
40:55 Conscription
42:13 Wheelbarrow
42:11 Crop Rotation
43:23 Gold Shaft Mining
44:16 Two-Man Saw
48:35 Hand Cart
49:06 Caravan
C.J.
0:50 Loom
14:16 Feudal Age
20:23 Castle Age
21:17 Forging
22:40 Iron Casting
24:00 Treadmill Crane
25:56 Wheelbarrow
25:24 Double-Bit Axe
27:17 Scale Mail Armor
29:44 Hand Cart
30:17 Scale Barding Armor
32:39 Town Watch
33:57 Masonry
37:50 Imperial Age
37:28 Chain Mail Armor
39:42 Squires
40:51 Blast Furnace
41:36 Husbandry
42:15 Plate Mail Armor
41:54 Caravan
41:49 Gold Mining
42:13 Fortified Wall
42:01 Arson
44:06 Conscription
45:18 Chain Barding Armor
47:42 Town Patrol
K u r o🌙
0:52 Loom
10:23 Feudal Age
10:49 Horse Collar
10:59 Double-Bit Axe
12:15 Wheelbarrow
13:34 Town Watch
18:19 Gold Mining
20:09 Man-at-Arms
20:35 Arson
25:30 Castle Age
23:34 Stone Mining
25:48 Forging
25:39 Scale Mail Armor
25:45 Scale Barding Armor
26:12 Heavy Plow
27:03 Hand Cart
28:20 Stone Shaft Mining
27:48 Long Swordsman
29:11 Town Patrol
29:56 Bow Saw
31:17 Iron Casting
30:57 Chain Mail Armor
32:20 Caravan
32:43 Chain Barding Armor
32:26 Gambesons
37:12 Imperial Age
37:14 Pikeman
37:54 Squires
37:19 Two-Handed Swordsman
37:29 Capped Ram
39:57 Champion
40:35 Pikeman
41:16 Squires
41:35 Cavalier
42:54 Elite Teutonic Knight
43:53 Halberdier
47:40 Blast Furnace
47:22 Plate Mail Armor
Cocolise
13:46 Feudal Age
15:04 Horse Collar
18:37 Wheelbarrow
18:50 Gold Mining
19:35 Man-at-Arms
23:12 Stone Mining
27:27 Castle Age
27:49 Forging
27:30 Fletching
27:57 Long Swordsman
28:29 Gambesons
29:14 Scale Mail Armor
30:09 Hand Cart
31:37 Gold Shaft Mining
31:57 Crossbowman
31:59 Elite Skirmisher
34:47 Caravan
36:24 Squires
40:33 Fortified Wall
40:47 Ballistics
42:36 Iron Casting
41:58 Bodkin Arrow
46:17 Imperial Age
44:48 Husbandry
47:28 Scale Barding Armor
48:24 Blast Furnace
48:34 Heavy Plow
AleSheriff
10:22 Feudal Age
11:08 Double-Bit Axe
14:25 Wheelbarrow
15:19 Gold Mining
15:15 Horse Collar
19:31 Bloodlines
23:18 Castle Age
21:37 Scale Mail Armor
21:51 Scale Barding Armor
24:43 Hand Cart
25:47 Gold Shaft Mining
25:39 Light Cavalry
27:30 Bow Saw
27:49 Heavy Plow
28:37 Stone Mining
28:39 Loom
28:41 Town Watch
29:55 Fervor
30:16 Husbandry
32:59 Caravan
34:13 Chain Barding Armor
34:05 Forging
40:05 Stone Shaft Mining
41:47 Iron Casting
47:40 Imperial Age
Connection lost

Rejoining the realm…

Still unreachable

The connection could not be restored.

Session expired

The server has moved on; the page needs a fresh start.